 Dungeon Crawl Stone Soup version 0.21.1-1-g345015f (webtiles) character file.

1124 nicolaieve the Cleaver (level 8, 0/64 HPs)
             Began as a Minotaur Berserker on July 20, 2018.
             Was an Elder of Trog.
             Slain by an ogre
             ... wielding a +0 giant club
              (8 damage)
             ... on level 6 of the Dungeon.
             The game lasted 00:14:27 (4508 turns).

nicolaieve the Cleaver (Minotaur Berserker)         Turns: 4508, Time: 00:14:28

Health: 0/64       AC:  9    Str: 25    XL:     8   Next: 13%
Magic:  7/7        EV:  9    Int:  4    God:    Trog [****..]
Gold:   299        SH:  4    Dex:  9    Spells: 7/7 levels left

rFire    . . .     SeeInvis .   a - +0 hand axe
rCold    . . .     Gourm    .   (no shield)
rNeg     . . .     Faith    .   u - +0 chain mail
rPois    .         Spirit   .   (helmet restricted)
rElec    .         Reflect  +   j - +0 cloak
rCorr    .         Harm     .   (no gloves)
MR       ++...                  (no boots)
Stlth    ..........             b - +4 amulet of reflection
HPRegen  1.20/turn              (no ring)
MPRegen  0.10/turn              (no ring)

@: berserk cooldown, regenerating
A: retaliatory headbutt, horns 2
a: Berserk, Trog's Hand, Brothers in Arms, Burn Spellbooks, Renounce Religion


You were on level 6 of the Dungeon.
You worshipped Trog.
Trog was greatly pleased with you.
You were not hungry.

You visited 1 branch of the dungeon, and saw 6 of its levels.
You also visited: Sewer.

You collected 299 gold pieces.

Inventory:

Hand Weapons
 a - a +0 hand axe (weapon)
 m - a +1 whip of electrocution
Armour
 j - a +0 cloak (worn)
 u - a +0 chain mail (worn)
Jewellery
 b - a +4 amulet of reflection (around neck)
Scrolls
 g - 7 scrolls of remove curse
 o - 2 scrolls of fear {unknown}
 r - a scroll of immolation {unknown}
 s - a scroll of noise {unknown}
 v - a scroll of enchant armour {unknown}
Potions
 e - 4 potions of curing
 i - 2 potions of heal wounds
 k - 2 potions of lignification
 l - a potion of cancellation
 q - a potion of haste
 t - 2 potions of flight
Comestibles
 c - 13 rations
 d - 4 chunks of flesh


   Skills:
 - Level 3.6 Fighting
 + Level 11.8 Axes
 - Level 2.4 Armour
 - Level 2.1 Dodging


You had 7 spell levels left.
You didn't know any spells.

Dungeon Overview and Level Annotations

Branches:
Dungeon (6/15)             Temple (0/1) D:5

Altars:
Gozag


Innate Abilities, Weirdness & Mutations

You reflexively headbutt those who attack you in melee.
You have a pair of horns on your head.


Message History

The orc priest invokes the aid of Beogh against you.
Pain shoots through your body!
* * * LOW HITPOINT WARNING * * *
Unknown command.
Okay, then.
Your skin crawls.
You feel resistant to hostile enchantments.
You feel somewhat more hungry.
The orc priest hits you but does no damage.
The orc hits you but does no damage. The orc barely misses you.
The electric eel shoots out a bolt of lightning at you!
The bolt of electricity hits the orc.
The orc dies!
You hear a splash.
The bolt of electricity hits you!
* * * LOW HITPOINT WARNING * * *
You hit the ogre.
The ogre is lightly wounded.
The ogre hits you with a giant club!
You die...

#####.##
#............######.#
####......#
#.##.#........(......
..##.###..#
#.##.#.#####.........
.....# #..# #.##.#.#
#.#.##.... ..##.# #..#
#.##.#.# #.#.##.#..
.....# #..# #.##.#.###
#.#.##.### ≈≈..####..#
#.##..... ..# ##
≈.........###.####.#####
≈≈≈.≈...........@O......
≈P≈≈≈P≈......#.o##.###..
≈≈≈≈≈≈PP.≈.≈.....)......
≈≈≈≈≈≈≈P≈≈P≈..≈..)..P.P≈
.P≈≈≈≈≈≈≈≈≈≈≈≈≈≈P≈P;≈≈P.
...P≈≈≈≈≈≈≈≈≈≈≈≈≈≈≈≈≈≈≈≈
..≈≈P≈≈≈≈≈≈≈≈≈≈≈P≈≈≈≈≈≈≈
...≈≈≈≈.≈≈≈P≈≈P≈≈≈≈≈P≈≈≈
.....≈≈≈......≈...P..


You could see an ogre and an orc.

Vanquished Creatures
  The ghost of 2BAD the Digger, an amateur OpEE (D:3)
  A centaur (D:6)
  3 ogres (D:5)
  A big kobold (Sewer)
  An electric eel (D:6)
  A howler monkey (D:3)
  2 hounds
  An orc priest (D:4)
  A bullfrog skeleton (D:5)
  4 orc wizards
  A worker ant (D:6)
  A hound skeleton (D:6)
  Robin (D:2)
  A worker ant zombie (D:6)
  6 adders
  3 gnolls (D:2)
  3 river rats (Sewer)
  An adder skeleton (D:4)
  2 worms
  A leopard gecko (D:1)
  19 orcs
  3 ball pythons
  6 giant cockroaches
  16 goblins
  7 hobgoblins
  14 jackals
  15 kobolds
  3 quokkas
  4 bats
  3 frilled lizards
  A quokka skeleton (D:4)
  13 rats
140 creatures vanquished.

Vanquished Creatures (others)
  A shadow imp (D:6)
  An orc (D:6)
2 creatures vanquished.

Grand Total: 142 creatures vanquished

Notes
Turn   | Place    | Note
-------+----------+-------------------------------------------
     0 | D:1      | nicolaieve the Minotaur Berserker began the quest for the Orb.
     0 | D:1      | Reached XP level 1. HP: 19/19 MP: 0/0
   112 | D:1      | Reached skill level 4 in Axes
   498 | D:1      | Reached XP level 2. HP: 26/26 MP: 1/1
   888 | D:2      | Noticed Robin
   899 | D:2      | Reached ** piety under Trog
   899 | D:2      | Reached skill level 5 in Axes
   901 | D:2      | Reached XP level 3. HP: 25/31 MP: 2/2
   908 | D:2      | Killed Robin
  1083 | D:2      | Reached skill level 6 in Axes
  1083 | D:2      | Reached XP level 4. HP: 9/39 MP: 3/3
  1791 | D:3      | Found an opulent altar of Gozag.
  1887 | D:3      | Reached *** piety under Trog
  1903 | D:3      | Reached XP level 5. HP: 45/45 MP: 4/4
  1916 | D:3      | Reached skill level 7 in Axes
  1961 | D:3      | Noticed 2BAD's ghost (amateur OpEE)
  1969 | D:3      | Killed 2BAD's ghost
  1969 | D:3      | Reached skill level 8 in Axes
  1969 | D:3      | Reached XP level 6. HP: 51/51 MP: 5/5
  2247 | D:3      | Found a glowing drain.
  2251 | Sewer    | Entered a sewer
  2337 | Sewer    | Reached skill level 9 in Axes
  2360 | Sewer    | Found a white marble altar of Elyvilon.
  2649 | D:3      | Reached **** piety under Trog
  3051 | D:4      | Reached XP level 7. HP: 29/57 MP: 6/6
  3696 | D:5      | Entered Level 5 of the Dungeon
  3836 | D:5      | Found a staircase to the Ecumenical Temple.
  3898 | D:5      | Reached skill level 10 in Axes
  4307 | D:5      | Reached skill level 11 in Axes
  4373 | D:6      | Reached XP level 8. HP: 60/64 MP: 7/7
  4508 | D:6      | Slain by an ogre

Skill      XL: |  1  2  3  4  5  6  7 |
---------------+----------------------+-----
Axes           | 4 5 6 8 9 11 | 11.8
Fighting       | |  3.6
Armour         | |  2.4
Dodging        | |  2.1

Action                   |  1- 3 |  4- 6 |  7- 9 || total
-------------------------+-------+-------+-------++-------
Melee: Hand axe          |    70 |   154 |    96 ||   320
       Headbutt          |    11 |    20 |    23 ||    54
Invok: Berserk           |     1 |     3 |     2 ||     6
       Burn Spellbooks   |       |       |     1 ||     1
       Trog's Hand       |       |       |     1 ||     1
  Use: Scroll            |       |       |     9 ||     9
  Eat: Chunk             |     1 |     8 |     8 ||    17
Armor: Animal skin       |     8 |       |       ||     8
       Ring mail         |       |    47 |     3 ||    50
       Chain mail        |       |       |    28 ||    28
Dodge: Dodged            |    54 |    72 |    26 ||   152
Block: Other             |       |       |     6 ||     6
